 Dungeon Crawl Stone Soup version 0.29.1-12-g30fa7ad0bf (webtiles) character file.

Game seed: 17572197355124651160

5565 zlionsfan the Basher (level 10, -3/76 HPs)
             Began as a Barachi Artificer on Jan 11, 2023.
             Was an Elder of Sif Muna.
             Slain by an eight-headed hydra (8 damage)
             ... on level 11 of the Dungeon on Jan 12, 2023.
             The game lasted 00:40:26 (13392 turns).

zlionsfan the Basher (Barachi Artificer)           Turns: 13392, Time: 00:40:27

Health: -3/76      AC:  7    Str: 14    XL:     10   Next: 72%
Magic:  22/25      EV: 14    Int: 21    God:    Sif Muna [****..]
Gold:   64         SH:  0    Dex: 17    Spells: 2/18 levels left

rFire   . . .      SeeInvis .   a - +10 whip of the Owl {pain, MP+9 Dex+4}
rCold   . . .      Faith    .   (no shield)
rNeg    . . .      Spirit   .   H - +2 robe {Archmagi}
rPois   .          Reflect  .   (no helmet)
rElec   .          Harm     .   (no cloak)
rCorr   .          Rampage  .   E - +2 pair of gloves
Will    +....      Archmagi +   (no boots)
Stlth   +++.......              s - amulet of the acrobat
HPRegen 0.22/turn               o - +6 ring of intelligence
MPRegen 0.19/turn               y - ring of willpower

@: freezing walls, slow
A: amphibious, slowness 1, strong legs 1, +LOS
a: Hop, Renounce Religion, Channel Magic, Forget Spell, Divine Exegesis


You were on level 11 of the Dungeon.
You worshipped Sif Muna.
Sif Muna was greatly pleased with you.
You visited 1 branch of the dungeon, and saw 11 of its levels.
You also visited: Ossuary.

You collected 526 gold pieces.
You spent 462 gold pieces at shops.

Inventory:

Hand Weapons
 a - the +10 whip of the Owl (weapon) {pain, MP+9 Dex+4}
   (You found it on level 4 of the Dungeon)

   In the hands of one skilled in necromantic magic, it inflicts extra damage on
   living creatures.
   Dex:       It affects your dexterity (+4).
   MP:        It affects your magic capacity (+9).
 b - a +0 broad axe of freezing
Missiles
 C - 27 poisoned darts (quivered)
Armour
 E - a +2 pair of gloves (worn)
 H - a +2 robe of the Archmagi (worn)
Magical Staves
 q - a staff of earth
Jewellery
 o - a +6 ring of intelligence (left hand)
 s - an amulet of the acrobat (around neck)
 y - a ring of willpower (right hand)
 K - a +6 ring of intelligence
Wands
 c - a wand of flame (16)
 d - a wand of charming (9)
 e - a wand of iceblast (33)
 u - a wand of digging (6)
 G - a wand of mindburst (7)
Scrolls
 f - a scroll of torment {unknown}
 g - 3 scrolls of amnesia
 i - 2 scrolls of vulnerability
 k - 3 scrolls of magic mapping
 m - a scroll of brand weapon {unknown}
 n - 2 scrolls of enchant weapon
 p - 2 scrolls of poison
 r - 2 scrolls of fog {unknown}
 t - a scroll of silence {unknown}
 v - 8 scrolls of teleportation
 x - 2 scrolls of blinking
 A - a scroll of fear {unknown}
 B - a scroll of summoning
 I - a scroll of immolation {unknown}
Potions
 h - 3 potions of flight
 j - 3 potions of curing
 l - 3 potions of mutation
 w - 3 potions of might
 z - a potion of resistance {unknown}
 D - 5 potions of lignification
 F - a potion of invisibility
 J - a potion of brilliance {unknown}


   Skills:
 + Level 6.0 Fighting
 + Level 3.4(6.5) Axes
 + Level 8.8(9.1) Maces & Flails
 + Level 0.6 Throwing
 + Level 5.9 Armour
 + Level 5.3 Dodging
 + Level 3.8 Stealth
 * Level 4.5 Spellcasting
 + Level 0.8 Conjurations
 * Level 5.7 Necromancy
 + Level 2.9 Ice Magic
 + Level 1.0 Air Magic
 + Level 4.3 Evocations


You had 2 spell levels left.
You knew the following spells:

 Your Spells              Type           Power      Damage    Failure   Level
a - Freeze                Ice            100%       1d11      3%          1
b - Static Discharge      Conj/Air       13%        3-5/arc   12%         2
c - Frozen Ramparts       Ice            50%        1d8       11%         3
d - Dispel Undead         Necr           43%        3d17      11%         4
e - Mephitic Cloud        Conj/Pois/Air  11%        N/A       26%         3
f - Ignite Poison         Fire/Tmut/Pois 7%         N/A       34%         3

Your spell library contained the following spells:

 Spells                   Type           Power      Damage    Failure   Level
 Animate Dead             Necr           43%        N/A       11%         4
 Confusing Touch          Hex            7%         N/A       34%         3
 Gell's Gravitas          Tloc           7%         N/A       34%         3
 Lesser Beckoning         Tloc           7%         N/A       34%         3
 Teleport Other           Tloc           7%         N/A       34%         3
 Corpse Rot               Necr/Pois/Air  21%        N/A       41%         4
 Hailstorm                Conj/Ice       19%        3d6       45%         4
 Summon Ice Beast         Ice/Summ       16%        N/A       52%         4
 Sticky Flame             Conj/Fire      9%         2d3       67%         4
 Death Channel            Necr           21%        N/A       85%         6
 Freezing Cloud           Conj/Ice/Air   8%         6-21      86%         5
 Summon Mana Viper        Hex/Summ       7%         N/A       97%         5
 Yara's Violent Unravell  Hex/Tmut       3%         3d4       97%         5
 Enfeeble                 Hex            3%         N/A       100%        7
 Haunt                    Necr/Summ      12%        N/A       100%        7
 Monstrous Menagerie      Summ           3%         N/A       100%        7
 Infestation              Necr           21%        N/A       100%        8


Dungeon Overview and Level Annotations

Branches:
Dungeon (11/15)            Temple (0/1) D:7            Lair (0/5) D:11
Ossuary (visited)
    Orc: D:9-12

Altars:
Makhleb
Okawaru
Sif Muna
Uskayaw
Vehumet
Zin

Shops:
D:2 (   D:4 (   D:7 [   D:8 ?   D:11 ?

Annotations:
D:9 4 transporters, Gastronok
D:11 exclusion: deep elf pyromancer


Innate Abilities, Weirdness & Mutations

You are amphibious.
You cover ground slowly.
You can hop short distances.
You have an extended range of vision and can be seen from far away.


Message History

You hit the black bear.
The black bear is almost dead.
An eight-headed hydra comes into view.
Casting: Mephitic Cloud (dangerous; 26% risk of failure)
Confirm with . or Enter, or press ? or * to list all spells.
Casting: Frozen Ramparts (dangerous; 11% risk of failure)
Press: ? - help, Dir - look around, f - activate You feel a surge of power!
The walls around you are covered in ice.
The wall freezes the eight-headed hydra.
The eight-headed hydra bites you but does no damage.
The eight-headed hydra bites you!
The eight-headed hydra barely misses you.
The eight-headed hydra closely misses you. x2
The eight-headed hydra bites you. The eight-headed hydra misses you.
The eight-headed hydra bites you!
You whack the eight-headed hydra!
The eight-headed hydra writhes in agony.
You punch the eight-headed hydra.
The eight-headed hydra is moderately wounded.
The wall freezes the black bear.
You kill the black bear!
Sif Muna accepts your kill.
You whack the eight-headed hydra!
The eight-headed hydra is heavily wounded.
The wall freezes the eight-headed hydra.
The eight-headed hydra seems to slow down.
The eight-headed hydra bites you!
* * * LOW HITPOINT WARNING * * *
The eight-headed hydra barely misses you.
The eight-headed hydra bites you.
* * * LOW HITPOINT WARNING * * *
The eight-headed hydra bites you!
* * * LOW HITPOINT WARNING * * *
The eight-headed hydra completely misses you.
The eight-headed hydra bites you but does no damage.
The eight-headed hydra bites you.
* * * LOW HITPOINT WARNING * * *
The eight-headed hydra bites you!
You die...

#...#.# ###.<... #.#.#.#
###.'..... #######.#...#
##...#.....
#.....'.###.###..###.....
#######...#.##..## #.....
#.###.'..## #####'
#.....#### #. ##'#### #.
#@.# #. #####D## #.
#....†.# #. #......# #..
#......# #.# #......# ..
#...'###...# ... ..###
.....# .... ....P..#
.....


You could see an eight-headed hydra (slow).

Vanquished Creatures
  A gargoyle (D:10)
  A troll (D:11)
  A shadow (D:11)
  4 yaks
  A wraith (D:10)
  2 wyverns
  A steam dragon (D:6)
  An acid dragon (D:9)
  Duvessa (D:5)
  A water moccasin (D:6)
  An orc warrior (D:10)
  5 black bears
  2 ice beasts (D:6)
  An ogre (D:6)
  4 centaurs
  3 bullfrogs
  2 kobold brigands
  A gnoll sergeant (D:6)
  2 scorpions
  5 water moccasin zombies (Ossuary)
  3 wights (D:9)
  Dowan (D:5)
  2 killer bees (D:5)
  An electric eel (D:9)
  4 howler monkeys
  A hound (D:4)
  2 jellies
  3 orc priests
  3 gnoll boudas
  10 orc wizards
  Natasha (twice) (D:3)
  3 iguanas
  2 mummies (Ossuary)
  17 gnolls
  7 adders
  3 white imps
  4 adder zombies (Ossuary)
  A worm (D:4)
  2 dart slugs (D:2)
  40 orcs
  4 ball pythons (D:1)
  10 endoplasms
  3 giant cockroaches
  4 gnoll zombies (Ossuary)
  9 goblins
  10 hobgoblins
  3 jackals
  13 kobolds
  3 quokkas
  4 bats
  3 frilled lizards
  3 hobgoblin zombies (Ossuary)
  3 kobold zombies (Ossuary)
  4 orc zombies (Ossuary)
  11 rats
238 creatures vanquished.

Vanquished Creatures (collateral kills)
  An orc (D:3)
  A quokka (D:3)
  A goblin (D:3)
3 creatures vanquished.

Vanquished Creatures (others)
  A killer bee (D:5)
  An adder (D:2)
  2 jackals (D:2)
  A quokka (D:4)
  A plant (D:11)
6 creatures vanquished.

Grand Total: 247 creatures vanquished

Notes
Turn   | Place    | Note
-------+----------+-------------------------------------------
     0 | D:1      | zlionsfan the Barachi Artificer began the quest for the
                  | Orb.
     0 | D:1      | Reached XP level 1. HP: 15/15 MP: 1/1
   427 | D:1      | Reached XP level 2. HP: 21/21 MP: 2/2
   435 | D:1      | Reached skill level 1 in Stealth
   477 | D:1      | Found a faded altar of an unknown god.
   538 | D:1      | Prayed at the altar of an unknown god.
   538 | D:1      | Became a worshipper of Sif Muna the Loreminder
   538 | D:1      | Reached * piety under Sif Muna
  1191 | D:1      | Reached XP level 3. HP: 19/26 MP: 3/3
  2082 | D:2      | Identified the +0 cloak "Ussozxac" {rElec rF++ Int-3 SInv}
  2286 | D:2      | Reached skill level 1 in Maces & Flails
  2520 | D:2      | Reached XP level 4. HP: 31/33 MP: 4/4
  2919 | D:2      | Found Vahosoon's Weapon Shoppe.
  2981 | D:2      | Bought a +0 broad axe of freezing for 92 gold pieces
  3336 | D:3      | Reached ** piety under Sif Muna
  3349 | D:3      | Noticed a scorpion
  3355 | D:3      | Killed a scorpion
  3356 | D:3      | Reached skill level 1 in Axes
  3356 | D:3      | Reached skill level 2 in Maces & Flails
  3356 | D:3      | Reached XP level 5. HP: 23/38 MP: 5/5
  4207 | D:3      | Identified the +0 leather armour "Fuyhucve" {rC+ Will+}
  4500 | D:3      | Noticed Natasha
  4512 | D:3      | Killed Natasha
  4513 | D:3      | Reached XP level 6. HP: 11/46 MP: 6/6
  4827 | D:3      | Noticed Natasha
  4830 | D:3      | Killed Natasha
  4946 | D:4      | Identified the +10 whip of the Owl {pain, MP+9 Dex+4}
  5037 | D:4      | Found Omaext's Antique Weapon Emporium.
  5186 | D:4      | Found a radiant altar of Vehumet.
  5261 | D:4      | Reached skill level 1 in Necromancy
  5262 | D:4      | Identified the +4 ring mail of Salvation {MP+9 SInv}
  5815 | D:5      | Entered Level 5 of the Dungeon
  5994 | D:5      | Found a sand-covered staircase.
  6006 | Ossuary  | Entered an ossuary
  6033 | Ossuary  | Reached XP level 7. HP: 40/52 MP: 7/7
  6187 | Ossuary  | Reached skill level 3 in Maces & Flails
  6210 | Ossuary  | Reached *** piety under Sif Muna
  6429 | D:5      | Reached skill level 4 in Maces & Flails
  6485 | D:5      | Noticed Dowan
  6487 | D:5      | Noticed Duvessa
  6490 | D:5      | Killed Dowan
  6491 | D:5      | Reached XP level 8. HP: 53/60 MP: 8/8
  6507 | D:5      | Killed Duvessa
  7049 | D:5      | Reached skill level 5 in Maces & Flails
  7280 | D:6      | Reached skill level 6 in Maces & Flails
  7640 | D:6      | Reached skill level 5 in Armour
  7640 | D:6      | Reached XP level 9. HP: 46/66 MP: 9/9
  7920 | D:6      | Reached skill level 7 in Maces & Flails
  7924 | D:6      | Learned a level 1 spell: Freeze
  8044 | D:6      | Reached skill level 5 in Fighting
  8340 | D:7      | Learned a level 2 spell: Static Discharge
  8515 | D:7      | Found a staircase to the Ecumenical Temple.
  8521 | D:7      | Reached **** piety under Sif Muna
  8870 | D:7      | Reached skill level 1 in Spellcasting
  9125 | D:7      | Found Woylirgh's Antique Armour Shop.
  9133 | D:7      | Bought a glowing robe for 96 gold pieces
  9721 | D:8      | Reached skill level 1 in Ice Magic
 10043 | D:8      | Found Hicaabbadd's Magic Scroll Shop.
 10046 | D:8      | Bought a scroll of identify for 20 gold pieces
 10046 | D:8      | Bought a scroll of blinking for 75 gold pieces
 10046 | D:8      | Bought a scroll of summoning for 95 gold pieces
 10099 | D:9      | Noticed Gastronok
 10444 | D:9      | Found a transporter.
 10484 | D:9      | Found a transporter.
 10629 | D:9      | Found a burning altar of Makhleb.
 10631 | D:9      | Found a hide-covered altar of Uskayaw.
 10670 | D:9      | Learned a level 3 spell: Frozen Ramparts
 10675 | D:9      | Learned a level 4 spell: Dispel Undead
 10702 | D:9      | Found an iron altar of Okawaru.
 10753 | D:9      | Reached skill level 8 in Maces & Flails
 10753 | D:9      | Reached XP level 10. HP: 60/74 MP: 13/13
 10866 | D:9      | Found a transporter.
 10891 | D:9      | Reached skill level 5 in Dodging
 10891 | D:9      | Reached skill level 5 in Necromancy
 10896 | D:9      | Found a transporter.
 11211 | D:10     | Entered Level 10 of the Dungeon
 11886 | D:10     | Noticed a gargoyle
 11907 | D:10     | HP: 3/68 [gargoyle/stone arrow (21)]
 12344 | D:10     | Killed a gargoyle
 12739 | D:10     | Found a glowing silver altar of Zin.
 13215 | D:11     | Found Odiputt's Magic Scroll Shoppe.
 13218 | D:11     | Bought a scroll of identify for 28 gold pieces
 13218 | D:11     | Bought a scroll of identify for 28 gold pieces
 13218 | D:11     | Bought a scroll of identify for 28 gold pieces
 13252 | D:11     | Reached skill level 1 in Air Magic
 13306 | D:11     | Noticed a deep elf pyromancer
 13306 | D:11     | Noticed a deep elf pyromancer
 13343 | D:11     | Found a staircase to the Lair.
 13353 | D:11     | Learned a level 3 spell: Mephitic Cloud
 13357 | D:11     | Learned a level 3 spell: Ignite Poison
 13390 | D:11     | Noticed an eight-headed hydra
 13392 | D:11     | Slain by an eight-headed hydra

Illustrated notes

Levels and vault maps discovered:
D:1:      dpeg_arrival_lava_temple_mockup, layout_basic, serial_forest,
          infiniplex_forest_clump_diagonal, infiniplex_forest_straight_2,
          infiniplex_forest_lined_3, infiniplex_forest_straight_4,
          infiniplex_forest_end_2, infiniplex_forest_lined_4_way,
          infiniplex_forest_clump_long, infiniplex_forest_zigzag_1,
          infiniplex_forest_straight_2, hellmonk_ecumenical_altar_lost_god,
          minmay_rat_gold_closets
D:2:      layout_basic, serial_shops, shop_statue,
          chequers_serial_rivers_room_b, nrook_loot_triangle,
          grunt_decor_arrowhead
D:3:      layout_loops_ring, uniq_natasha
D:4:      layout_loops_cross, fiery_altar_vehumet, serial_shops, shop
D:5:      layout_loops_ring, lightli_ossuary_entry_decrepit_ruins, uniq_duvessa
D:6:      layout_loops_cross
D:7:      layout_basic, minmay_temple_entry_glass, minmay_shop_grid_forest,
          hangedman_abyss_or_decor_lesser_grid, nicolae_elevator_lobby_plus
D:8:      layout_loops_ring, serial_shops, nicolae_shop_behind_doors
D:9:      layout_basic, nicolae_overflow_squiral, okawaru_altar_gauntlet_db,
          nicolae_transporter_intersection, uniq_gastronok
D:10:     layout_grid_maze, zin_scriptorium
D:11:     layout_roguey, david_lair_generic, ebering_ghost_xom, serial_shops,
          shop, elves_outpost_lemuel, uniq_harold, uniq_fannar

Skill      XL: |  1  2  3  4  5  6  7  8  9 10 |
---------------+-------------------------------+-----
Stealth        | 1 2 3 |  3.8
Armour         | 3 5 |  5.9
Evocations     | 4 |  4.3
Maces & Flails | 1 2 4 6 8 |  8.8
Fighting       | 2 3 4 5 6 |  6.0
Axes           | 1 2 3 |  3.4
Dodging        | 2 3 4 5 |  5.3
Necromancy     | 1 2 3 4 5 |  5.7
Spellcasting   | 2 4 |  4.5
Ice Magic      | 1 2 |  2.9
Air Magic      | 1 |  1.0
Throwing       | |  0.6
Conjurations   | |  0.8

Action                   |  1- 3 |  4- 6 |  7- 9 | 10-12 || total
-------------------------+-------+-------+-------+-------++-------
Melee: Club              |   178 |     8 |       |       ||   186
       Punch             |     3 |     5 |     6 |     2 ||    16
       Broad axe         |       |    74 |       |       ||    74
       Whip              |       |    60 |   351 |   139 ||   550
Throw: Dart              |       |       |     5 |       ||     5
 Cast: Freeze            |       |       |    11 |     5 ||    16
       Static Discharge  |       |       |     1 |     4 ||     5
       Frozen Ramparts   |       |       |       |     5 ||     5
       Mephitic Cloud    |       |       |       |     1 ||     1
Evoke: Wand              |     7 |     9 |     1 |     1 ||    18
  Use: Potion            |       |     5 |     1 |     9 ||    15
       Scroll            |       |     4 |     8 |     7 ||    19
 Stab: Sleeping          |     2 |     2 |     5 |     1 ||    10
Armor: Scale mail        |    16 |       |       |       ||    16
       Leather armour    |     2 |     6 |       |       ||     8
       Robe              |    32 |    37 |    17 |    22 ||   108
       Ring mail         |       |    17 |   110 |       ||   127
Dodge: Dodged            |   125 |    80 |   156 |    93 ||   454
